AoeStats
← APPELFX

Arabia

510155206Analyzed
1v1 RM · 1d ago on Sep 29, 2026· 19m 49s· 2 players
Game mode
Random Map
Map size
Tiny (2 player)
Population
200
Speed
Normal
Resources
Standard
Victory
Conquest
Starting age
Dark Age
Ending age
Imperial Age
RankedLock teamsTeams togetherTeam positionsShared explorationLock speedFull tech treeHidden civsTurbo modeCheats
Victory
Defeat
🇲🇽 Hindustanis · Mexico
986
+15
🇦🇷 Turks · Argentina
957
-15
luiseng6
0:26 Loom
10:25 Feudal Age
10:49 Man-at-Arms
13:59 Double-Bit Axe
17:45 Wheelbarrow
18:13 Padded Archer Armor
19:23 Fletching
APPELFX
5:29 Loom
9:18 Feudal Age
10:34 Wheelbarrow
10:08 Double-Bit Axe
12:29 Horse Collar
21:35 Castle Age
Connection lost

Rejoining the realm…

Still unreachable

The connection could not be restored.

Session expired

The server has moved on; the page needs a fresh start.